 Dungeon Crawl Stone Soup version 0.31-a0-1066-g35875b34c7 (webtiles) character file.

Game seed: 17468093028564040005

1988 isshat the Cleaver (level 9, -16/108 HPs)
             Began as a Minotaur Berserker on Nov 21, 2023.
             Was a Believer of Trog.
             Demolished by a white ugly thing (25 damage)
             ... on level 7 of the Dungeon on Nov 22, 2023.
             The game lasted 00:38:50 (5946 turns).

isshat the Cleaver (Minotaur Berserker)             Turns: 5946, Time: 00:38:51

Health: -16/108    AC: 14    Str: 26    XL:     9   Next: 1%
Magic:  0/8        EV:  7    Int:  4    God:    Trog [**....]
Gold:   286        SH:  0    Dex: 10    Spells: 8/8 levels left

rFire   . . .        a - +0 hand axe (flame)
rCold   . . .        (no shield)
rNeg    . . .        m - +0 plate armour
rPois   .            (helmet restricted)
rElec   .            (no cloak)
rCorr   .            v - +2 pair of gloves
SInv    .            (no boots)
Will    .....        i - amulet of guardian spirit Stlth
                     (no ring)
HPRegen 0.38/turn    (no ring)
MPRegen 0.11/turn

%: guardian spirit
@: berserking, very quick
A: horns 2, retaliatory headbutt
a: Renounce Religion, Berserk, Trog's Hand


You were on level 7 of the Dungeon.
You worshipped Trog.
Trog was pleased with you.
You visited 1 branch of the dungeon, and saw 7 of its levels.

You collected 286 gold pieces.

Inventory:

Hand Weapons
 a - a +0 hand axe of flaming (weapon)
 f - a +0 sling
 s - a +3 dagger of venom
Armour
 m - a +0 plate armour (worn)
 t - a +0 ring mail of fire resistance
 v - a +2 pair of gloves (worn)
Jewellery
 i - an amulet of guardian spirit (around neck)
Wands
 r - a wand of iceblast (5)
 y - a wand of flame (18)
Scrolls
 b - 3 scrolls of poison
 c - a scroll of silence {unknown}
 j - a scroll of immolation {unknown}
 k - 4 scrolls of brand weapon
 n - a scroll of summoning {unknown}
 o - 4 scrolls of teleportation
 q - 2 scrolls of enchant weapon {unknown}
 u - a scroll of fear
 z - a scroll of torment {unknown}
 A - a scroll of noise {unknown}
 B - a scroll of blinking {unknown}
Potions
 d - 2 potions of curing {unknown}
 e - 2 potions of enlightenment {unknown}
 g - 3 potions of mutation
 h - a potion of cancellation {unknown}
 l - 2 potions of heal wounds {unknown}
 p - a potion of brilliance {unknown}
 w - a potion of degeneration {unknown}
 x - a potion of attraction {unknown}


   Skills:
 + Level 4.4 Fighting
 - Level 14.0 Axes
 - Level 2.6 Armour
 - Level 2.3 Dodging


You had 8 spell levels left.
You didn't know any spells.
Your spell library was empty.

Dungeon Overview and Level Annotations

Branches:
Dungeon (7/15)             Temple (0/1) D:5

Altars:
Dithmenos
Qazlal
Xom
Zin


Innate Abilities, Weirdness & Mutations

You have a pair of horns on your head.
You reflexively headbutt those who attack you in melee.


Message History

You hit the white ugly thing. You burn the white ugly thing.
The white ugly thing is moderately wounded.
You hit the white ugly thing but do no damage.
You headbutt the white ugly thing, but do no damage.
The white ugly thing is moderately wounded.
The white ugly thing engulfs you but does no damage.
You hit the white ugly thing but do no damage.
The white ugly thing is lightly wounded.
You barely miss the white ugly thing.
You headbutt the white ugly thing, but do no damage.
The white ugly thing is lightly wounded.
The white ugly thing engulfs you! The white ugly thing freezes you!!
A red film seems to cover your vision as you go berserk!
You feel yourself moving faster!
You feel mighty! The white ugly thing engulfs you!
The white ugly thing freezes you!!
You barely miss the white ugly thing.
The white ugly thing is lightly wounded.
You barely miss the white ugly thing.
Your headbutt misses the white ugly thing.
The white ugly thing is lightly wounded.
The white ugly thing engulfs you but does no damage.
You barely miss the white ugly thing.
The white ugly thing is lightly wounded.
You barely miss the white ugly thing.
The white ugly thing is lightly wounded.
The white ugly thing engulfs you!
* * * LOW HITPOINT WARNING * * *
The white ugly thing freezes you!
* * * LOW HITPOINT WARNING * * *
Unknown command.
You feel a strong urge to attack something.
You hit the white ugly thing. You burn the white ugly thing.
The white ugly thing is moderately wounded.
You barely miss the white ugly thing.
Your headbutt misses the white ugly thing.
The white ugly thing is moderately wounded.
The white ugly thing engulfs you.
* * * LOW HITPOINT WARNING * * *
The white ugly thing freezes you!!
You die...

... ..............# .##
#.#......#.)..#
#........#.)).#
#.......#.#)##
#.......#.#.# ## .
#.......#.#.#######.
....####......#.#.........
..............#.###.......
.......#u@.####...'.......
.......###.# #####.......
....... #.########.......
.....#. #.....##†'.......
.....#. ######....#.......
.... #.#......>.###.......
.... #.#.######## #.......
#....... #.......


You could see a white ugly thing.

Vanquished Creatures
  Sigmund (D:5)
  2 steam dragons (D:6)
  A black bear (D:6)
  2 ice beasts
  2 sky beasts (D:7)
  An ogre (D:6)
  2 centaurs (D:7)
  Blork the orc (D:5)
  2 scorpions
  A howler monkey (D:4)
  Crazy Yiuf (D:6)
  3 hounds
  An orc priest (D:7)
  A gnoll bouda (D:6)
  2 jellies
  Ijyb (D:3)
  Jessica (D:3)
  An orc wizard (D:7)
  5 iguanas
  3 gnolls (D:6)
  6 adders
  2 shadow imps (D:6)
  4 ufetubi (D:6)
  A worm (D:2)
  A dart slug (D:2)
  14 orcs
  12 ball pythons
  6 bats
  7 endoplasms
  5 giant cockroaches
  3 goblins
  6 hobgoblins
  3 jackals
  5 quokkas
  4 frilled lizards
  5 kobolds
  4 rats
122 creatures vanquished.

Notes
Turn   | Place    | Note
-------+----------+-------------------------------------------
     0 | D:1      | isshat the Minotaur Berserker began the quest for the Orb.
     0 | D:1      | Reached XP level 1. HP: 19/19 MP: 0/0
   313 | D:1      | Reached skill level 4 in Axes
   313 | D:1      | Reached XP level 2. HP: 19/27 MP: 1/1
   910 | D:2      | Reached XP level 3. HP: 28/33 MP: 2/2
   959 | D:2      | Reached skill level 5 in Axes
  1338 | D:2      | Reached ** piety under Trog
  1339 | D:2      | Reached XP level 4. HP: 40/40 MP: 3/3
  1562 | D:3      | Noticed Jessica
  1566 | D:3      | Killed Jessica
  1567 | D:3      | Reached skill level 6 in Axes
  1606 | D:3      | Found a stormy altar of Qazlal.
  1753 | D:3      | Found a shadowy altar of Dithmenos.
  1797 | D:3      | Noticed Ijyb
  1804 | D:3      | Killed Ijyb
  1805 | D:3      | Reached XP level 5. HP: 37/46 MP: 4/4
  2105 | D:3      | Reached skill level 7 in Axes
  2583 | D:4      | Reached skill level 8 in Axes
  2583 | D:4      | Reached XP level 6. HP: 48/52 MP: 5/5
  3377 | D:5      | Entered Level 5 of the Dungeon
  3419 | D:5      | Reached skill level 9 in Axes
  3504 | D:5      | Noticed an ice beast
  3514 | D:5      | Killed an ice beast
  3515 | D:5      | Reached XP level 7. HP: 58/58 MP: 6/6
  3524 | D:5      | Upgraded the game from 0.31-a0-1059-g83d41fd8b6 to
                  | 0.31-a0-1066-g35875b34c7
  3541 | D:5      | Found a staircase to the Ecumenical Temple.
  3577 | D:5      | Noticed Sigmund
  3589 | D:5      | Killed Sigmund
  3590 | D:5      | Reached skill level 10 in Axes
  3867 | D:5      | Noticed Blork the orc
  3884 | D:5      | Killed Blork the orc
  4027 | D:5      | Found a shimmering altar of Xom.
  4172 | D:5      | Reached skill level 11 in Axes
  4435 | D:6      | Noticed a steam dragon
  4441 | D:6      | Noticed a steam dragon
  4447 | D:6      | Killed a steam dragon
  4448 | D:6      | Reached XP level 8. HP: 40/66 MP: 2/7
  4457 | D:6      | Reached skill level 12 in Axes
  5114 | D:6      | Reached skill level 13 in Axes
  5424 | D:6      | Found a glowing silver altar of Zin.
  5547 | D:6      | Found a runed translucent door.
  5548 | D:6      | Noticed Crazy Yiuf
  5557 | D:6      | Killed Crazy Yiuf
  5815 | D:7      | Reached skill level 14 in Axes
  5880 | D:7      | Reached XP level 9. HP: 62/72 MP: 8/8
  5927 | D:7      | Noticed a white ugly thing
  5946 | D:7      | Demolished by a white ugly thing

Illustrated notes

Levels and vault maps discovered:
D:1:      dpeg_arrival_triangle_fractal, layout_rooms, roderic_lattice_a
D:2:      layout_basic
D:3:      layout_loops_ring, nicolae_dithmenos_the_darkroom,
          nicolae_qazlal_general_emergency, reono_crystal_passage, uniq_jessica,
          uniq_ijyb
D:4:      kb_forest_paths, layout_loops_ring
D:5:      layout_gridville, lemuel_round_altar,
          minmay_temple_entry_statues_fountains, uniq_sigmund,
          uniq_blork_the_orc
D:6:      kennysheep_steamy, layout_basic, zin_scriptorium,
          uniq_crazy_yiuf_cottage
D:7:      layout_basic, grunt_temple_overflow_open

Skill      XL: |  1  2  3  4  5  6  7  8 |
---------------+-------------------------+-----
Axes           | 4 5 6 8 9 11 14 | 14.0
Fighting       | 4 |  4.4
Armour         | |  2.6
Dodging        | |  2.3

Action                     |  1- 3 |  4- 6 |  7- 9 || total
---------------------------+-------+-------+-------++-------
  Melee: Hand axe          |    78 |   152 |   178 ||   408
         Headbutt          |    10 |    25 |    45 ||    80
         Punch             |     1 |       |     2 ||     3
 Invoke: Berserk           |     1 |     2 |     4 ||     7
         Trog's Hand       |       |     3 |     5 ||     8
    Use: Scroll            |       |       |     5 ||     5
   Stab: Sleeping          |     1 |       |       ||     1
 Armour: Animal skin       |    41 |       |       ||    41
         Ring mail         |    12 |     7 |       ||    19
         Plate armour      |       |    91 |   130 ||   221
  Dodge: Dodged            |    51 |    41 |    55 ||   147

Table legend: (Time is in decaauts)
 A = Elapsed time spent in this place.
 B = Non-inter-level travel time spent in this place.
 C = Inter-level travel time spent in this place.
 D = Time resting spent in this place.
 E = Time spent auto-exploring this place.
 F = Levels seen in this place.
 G = Mean time per level.
                   A        B        C        D        E       F      G
               +--------+--------+--------+--------+--------+-----+--------+
         Total |   5935 |   5680 |    255 |   1162 |   2898 |   7 |  847.9 |
       Dungeon |   5935 |   5680 |    255 |   1162 |   2898 |   7 |  847.9 |
               +--------+--------+--------+--------+--------+-----+--------+

Top non-repeatable levels by time:
     D:6: 1265 daAuts
     D:5: 1023 daAuts
     D:4: 1008 daAuts
     D:1: 904 daAuts
     D:3: 823 daAuts
     D:2: 671 daAuts
     D:7: 237 daAuts
